 Dungeon Crawl Stone Soup version 0.29-a0-322-g68df515428 (webtiles) character file.

Game seed: 54309963631816900

284 kae the Gusty (level 6, 0/61 HPs)
             Began as an Ogre Air Elementalist on Apr 9, 2022.
             Was an Initiate of Gozag.
             Slain by a black bear (2 damage)
             ... on level 4 of the Dungeon.
             The game lasted 00:02:44 (5550 turns).

kae the Gusty (Ogre Air Elementalist)               Turns: 5550, Time: 00:02:44

Health: 0/61       AC:  3    Str: 13    XL:     6   Next: 29%
Magic:  11/11      EV: 10    Int: 18    God:    Gozag
Gold:   294        SH:  0    Dex:  9    Spells: 5/12 levels left

rFire   . . .      SeeInvis .   l - +1 whip (venom)
rCold   . . .      Faith    .   (no shield)
rNeg    . . .      Spirit   .   a - +0 robe
rPois   .          Reflect  .   (helmet restricted)
rElec   .          Harm     .   (no cloak)
rCorr   .          Rampage  .   (gloves unavailable)
Will    .....                   (boots unavailable)
Stlth   +.........              (no amulet)
HPRegen 0.20/turn               (no ring)
MPRegen 0.12/turn               (no ring)

@: about to teleport
A: large, unfitting armour, tough skin 1
a: Renounce Religion, Potion Petition, Call Merchant, Bribe Branch


You were on level 4 of the Dungeon.
You worshipped Gozag.
Gozag was aware of your devotion.
You visited 2 branches of the dungeon, and saw 6 of its levels.

You collected 365 gold pieces.
You paid 71 gold pieces to Gozag.

Inventory:

Hand Weapons
 i - a +0 short sword
 l - a +1 whip of venom (weapon)
Armour
 a - a +0 robe (worn)
Jewellery
 c - a ring of resist corrosion
 f - a ring of protection from cold
 n - an amulet of the acrobat
Wands
 p - a wand of digging (2)
Scrolls
 d - a scroll of vulnerability
 k - a scroll of identify
 m - a scroll of noise
Potions
 b - a potion of magic
 g - a potion of mutation
 j - 2 potions of haste
 o - a potion of curing
 q - a potion of might
 t - 2 potions of heal wounds


   Skills:
 + Level 3.1 Fighting
 + Level 2.8 Dodging
 - Level 1.4 Stealth
 + Level 3.6 Spellcasting
 + Level 2.1 Conjurations
 * Level 4.2 Air Magic


You had 5 spell levels left.
You knew the following spells:

 Your Spells              Type           Power      Damage    Failure   Level
a - Shock                 Conj/Air       56%        1d6       4%          1
b - Static Discharge      Conj/Air       14%        N/A       6%          2
c - Airstrike             Air            9%         N/A       26%         4

Your spell library contained the following spells:

 Spells                   Type           Power      Damage    Failure   Level
 Magic Dart               Conj           44%        1d5       6%          1
 Swiftness                Air            18%        N/A       9%          3
 Mephitic Cloud           Conj/Pois/Air  10%        N/A       19%         3
 Call Imp                 Summ           3%         N/A       24%         2
 Portal Projectile        Hex/Tloc       6%         N/A       43%         3
 Blade Hands              Tmut           1%         N/A       99%         5
 Excruciating Wounds      Necr           1%         N/A       99%         5


Dungeon Overview and Level Annotations

Branches:
Dungeon (5/15)             Temple (1/1) D:4

Altars:
Cheibriados
Dithmenos
Elyvilon
Fedhas
Gozag
Hepliaklqana
Kikubaaqudgha
Makhleb
Nemelex Xobeh
Okawaru
Qazlal
Ru
Sif Muna
Trog
Uskayaw
Vehumet
Wu Jian
Xom
Yredelemnul
Zin
The Shining One

Annotations:
D:2 1 runed translucent door, Crazy Yiuf


Innate Abilities, Weirdness & Mutations

You are too large for most types of armour.
You have tough skin. (AC +1)


Message History

You hit the iguana.
The iguana looks as sick as possible!
The iguana is severely wounded.
The iguana closely misses you.
You barely miss the iguana.
The iguana is severely wounded.
The iguana closely misses you.
You hit the iguana.
You kill the iguana!
No target in view!
You start resting.
HP restored.
You climb downwards.
The iguana bites you. The iguana misses you.
There is a stone staircase leading up here.
You hit the iguana.
The iguana is poisoned.
The iguana is moderately wounded.
The iguana bites you!
You barely miss the iguana.
The iguana is moderately wounded.
The black bear bites you! The black bear claws you.
The black bear barely misses you. The iguana bites you!
The black bear misses you. The black bear closely misses you.
The black bear claws you but does no damage.
The iguana bites you!
* * * LOW HITPOINT WARNING * * *
You climb upwards.
There is a stone staircase leading down here.
The iguana attacks as you move away! The iguana bites you.
* * * LOW HITPOINT WARNING * * *
The black bear attacks as you move away!
The black bear bites you.
* * * LOW HITPOINT WARNING * * *
The black bear barely misses you. The black bear claws you.
* * * LOW HITPOINT WARNING * * *
As you read the scroll of teleportation, it crumbles to dust.
You feel strangely unstable. The black bear bites you.
* * * LOW HITPOINT WARNING * * *
The black bear claws you but does no damage.
The black bear claws you.
You die...
Your body crumbles into a pile of gold.

#..........###.#.....######....#
#...................##.####...#.
##...................##.#.####...
#........########.##.....#..##...
#.......## #.##.##..##.....#
........# ###.##.............
........# #$l...###.##.#....#
..##....# ##h##.##..##......#
#####...# ##@###..##.......##
#...## #..# #..#.........#
#....## ##.# #........(..##
#.....######.###...........#.
#.........##..#............#.
#...........##...(.....#...##
#...........#...........#..##
#..........#...............#.
##..........................#.


You could see a black bear and an iguana (very poisoned).

Vanquished Creatures
  A scorpion (D:4)
  A hound (D:4)
  Jessica (D:2)
  An iguana (D:4)
  4 adders
  2 gnolls (D:4)
  A dart slug (D:4)
  4 orcs (D:4)
  9 ball pythons
  4 bats
  4 endoplasms
  3 giant cockroaches
  5 hobgoblins
  13 jackals
  6 kobolds
  5 quokkas
  3 frilled lizards (D:2)
  5 goblins
  3 rats
75 creatures vanquished.

Notes
Turn   | Place    | Note
-------+----------+-------------------------------------------
     0 | D:1      | kae the Ogre Air Elementalist began the quest for the Orb.
     0 | D:1      | Reached XP level 1. HP: 16/16 MP: 3/3
   130 | D:1      | Reached skill level 1 in Conjurations
   223 | D:1      | Reached XP level 2. HP: 10/26 MP: 0/5
   611 | D:1      | Learned a level 2 spell: Static Discharge
   665 | D:1      | Reached skill level 1 in Fighting
   665 | D:1      | Reached skill level 3 in Air Magic
   968 | D:2      | Found a faded altar of an unknown god.
  1112 | D:2      | Reached XP level 3. HP: 23/33 MP: 0/7
  1659 | D:2      | Noticed Jessica
  1664 | D:2      | Killed Jessica
  1665 | D:2      | Reached XP level 4. HP: 33/42 MP: 6/8
  2126 | D:2      | Found a runed translucent door.
  2127 | D:2      | Noticed Crazy Yiuf
  2299 | D:3      | Learned a level 4 spell: Airstrike
  3228 | D:4      | Reached XP level 5. HP: 47/50 MP: 3/9
  3327 | D:4      | Found a staircase to the Ecumenical Temple.
  3348 | Temple   | Entered the Ecumenical Temple
  3507 | Temple   | Became a worshipper of Gozag Ym Sagoz the Greedy
  3815 | D:4      | Found an ancient bone altar of Kikubaaqudgha.
  4507 | D:4      | Reached skill level 4 in Air Magic
  4507 | D:4      | Reached XP level 6. HP: 57/59 MP: 6/11
  5194 | D:5      | Entered Level 5 of the Dungeon
  5490 | D:5      | Noticed a black bear
  5550 | D:4      | HP: 2/61 [black bear (6)]
  5550 | D:4      | Slain by a black bear

Illustrated notes

Levels and vault maps discovered:
D:1:      minmay_arrival_open_corners, layout_rooms, serial_curves,
          eino_curves_02, eino_curves_03, eino_curves_03, serial_park_tiny_2
D:2:      layout_loops_ring, shapermc_ecumenical_altar_venn, uniq_jessica,
          uniq_crazy_yiuf_cottage
D:3:      layout_loops_ring
D:4:      minmay_chambers_of_twos, layout_layer_cave,
          nicolae_kikubaaqudgha_miasma_corner, minmay_temple_entry_statues
D:5:      layout_rooms, nicolae_overflow_hidden_temple
Temple:   mainiacjoe_temple_big_plus

Skill      XL: |  1  2  3  4  5  6 |
---------------+-------------------+-----
Conjurations   | 1 2 |  2.1
Fighting       | 1 2 3 |  3.1
Air Magic      | 3 4 |  4.2
Dodging        | 2 |  2.8
Spellcasting   | 3 |  3.6
Stealth        | |  1.4

Action                   |  1- 3 |  4- 6 || total
-------------------------+-------+-------++-------
Melee: Unarmed           |    17 |       ||    17
       Short sword       |     5 |       ||     5
       Whip              |    13 |    49 ||    62
 Cast: Shock             |    43 |   107 ||   150
  Use: Potion            |     1 |     1 ||     2
       Scroll            |       |    14 ||    14
 Stab: Sleeping          |       |     1 ||     1
Armor: Robe              |    14 |    14 ||    28
Dodge: Dodged            |    30 |    40 ||    70

Table legend: (Time is in decaauts)
 A = Elapsed time spent in this place.
 B = Non-inter-level travel time spent in this place.
 C = Inter-level travel time spent in this place.
 D = Time resting spent in this place.
 E = Time spent auto-exploring this place.
 F = Levels seen in this place.
 G = Mean time per level.
                   A        B        C        D        E       F      G
               +--------+--------+--------+--------+--------+-----+--------+
         Total |   5564 |   5366 |    198 |    288 |   4584 |   6 |  927.3 |
       Dungeon |   5112 |   4940 |    172 |    288 |   4170 |   5 | 1022.4 |
        Temple |    451 |    425 |     26 |      0 |    414 |   1 |  451.0 |
               +--------+--------+--------+--------+--------+-----+--------+

Top non-repeatable levels by time:
     D:4: 1931 daAuts
     D:2: 1248 daAuts
     D:1: 952 daAuts
     D:3: 852 daAuts
  Temple: 451 daAuts
     D:5: 127 daAuts
